 Dungeon Crawl Stone Soup version 0.17.2-1-ge4368a0 (webtiles) character file.

168 Goblin1989 the Chopper (level 5, -1/63 HPs)
             Began as a Hill Orc Gladiator on Oct 18, 2016.
             Succumbed to a scorpion's poison
             ... on level 3 of the Dungeon.
             The game lasted 00:07:15 (2240 turns).

Goblin1989 the Chopper (Hill Orc Gladiator)         Turns: 2240, Time: 00:07:15

Health: -1/63      AC: 22    Str: 16 (19) XL:     5   Next: 48%
Magic:  5/5        EV:  2    Int:  8      God:
Gold:   138        SH:  0    Dex: 16      Spells: 0 memorised, 4 levels left

rFire  . . .     SeeInvis .     a - +0 war axe
rCold  . . .     Clarity  .     (armour currently unavailable)
rNeg   + + +     SustAt   .     (no shield)
rPois  +         Gourm    .     (helmet currently unavailable)
rElec  .         Spirit   .     (cloak currently unavailable)
rCorr  .         Warding  .     (gloves currently unavailable)
rMut   .         NoTele   +     (boots currently unavailable)
MR     .....                    (no amulet)
Stlth  ++........               (no ring)
                                (no ring)

@: agile, lethally poisoned (-1 -> -9), exhausted, tree-form, hasted and slowed,
not resistant to hostile enchantments, unstealthy
A: no striking features
a: no special abilities


You were on level 3 of the Dungeon.
You were very hungry.
You were a tree.
You visited 1 branch of the dungeon, and saw 4 of its levels.

You collected 138 gold pieces.

Inventory:

Hand Weapons
 a - a +0 war axe (weapon)
Armour
 c - a +0 helmet (melded)
 d - a cursed +0 ring mail (melded)
Jewellery
 l - an uncursed ring of ice {unknown}
Wands
 p - a wand of random effects (40)
Scrolls
 b - a scroll of random uselessness {unknown}
 f - 6 scrolls of identify {unknown}
 h - a scroll of blinking {unknown}
 k - a scroll of immolation {unknown}
 m - a scroll of enchant weapon {unknown}
 q - a scroll of noise {unknown}
 r - 3 scrolls of fog {unknown}
Potions
 g - a potion of brilliance
 o - a potion of cancellation
 s - a potion of flight
Comestibles
 e - 5 bread rations {@e1}
 i - a beef jerky
 t - a meat ration {@e2}


   Skills:
 - Level 2.4 Fighting
 + Level 7.9 Axes
 - Level 1.7 Throwing
 - Level 2.4 Dodging


You had 4 spell levels left.
You didn't know any spells.

Dungeon Overview and Level Annotations

Branches:
Dungeon (4/15)
 Temple: D:4-7

Altars:
Trog


Message History

You take 1 damage, and have 2/63 hp.
You feel your anger subside.
You are no longer berserk.
You are exhausted.
You feel yourself slow down.
You are feeling very hungry.
* * * LOW HITPOINT WARNING * * *
You feel sick.
You now have 1/42 hp.
Drink which item? (? for menu, Esc to quit)
It was a potion of lignification.
You turn into a tree.
Your +0 helmet melds into your body.
Your cursed +0 ring mail melds into your body.
Your roots penetrate the ground.
* * * LOW HITPOINT WARNING * * *
You feel sick.
You now have 1/63 hp.
Drink which item? (? for menu, Esc to quit)
It was a potion of haste.
You feel yourself speed up.
You die...

█████.█
██∆████████████.█.█.███ █.█
█.█ █.█.█.█ █.█ █.█ █.█.█.█
█.█ █.█ █.█.█.█ █.█ █.█
█.█.█.█ █.█ █.█████████
█.█.█.█ █.█ █..........
..█.█.███
█.████.█.████████████.█....
█.....>(..♣..(.............
█████████.██.█████████.█.█████
█...............█ █<█.█.██...
█.....███.██.██.█ █.█.█.██...
█.....█ █.██..█.█ █.█.█.██...
████.....█ █.█<..█.█
█.█.█.██...
..██.....███.█████.█
█.█.█.██...
█.██...............██
█.█.█.██...
█.█████∆█.█.........███.█.█
█...


There were no monsters in sight!

Vanquished Creatures
  A scorpion (D:3)
  5 adders
  An ooze (D:2)
  A worm (D:2)
  3 giant geckos
  An orc (D:3)
  9 bats
  10 hobgoblins
  8 kobolds
  3 ball pythons
  3 giant cockroaches
  2 giant newts (D:3)
  5 goblins
  7 rats
59 creatures vanquished.

Notes
Turn   | Place    | Note
--------------------------------------------------------------
     0 | D:1      | Goblin1989 the Hill Orc Gladiator began the quest for the Orb.
     0 | D:1      | Reached XP level 1. HP: 18/18 MP: 1/1
    72 | D:1      | Reached XP level 2. HP: 16/25 MP: 2/2
   322 | D:1      | Reached skill level 5 in Axes
   613 | D:1      | Reached XP level 3. HP: 30/30 MP: 3/3
   814 | D:2      | Reached skill level 6 in Axes
   854 | D:2      | Reached XP level 4. HP: 29/37 MP: 4/4
  1789 | D:3      | Found a bloodstained altar of Trog.
  1799 | D:3      | Reached skill level 7 in Axes
  2137 | D:3      | Reached XP level 5. HP: 42/42 MP: 5/5
  2236 | D:3      | HP: 3/63 [poisoned by a scorpion]
  2238 | D:3      | HP: 1/42 [poisoned by a scorpion]
  2240 | D:3      | Succumbed to a scorpion's poison

Action                   |  1- 3 |  4- 6 || total
-------------------------+-------+-------++-------
Melee: War axe           |    86 |   123 ||   209
Throw: Throwing net      |       |     3 ||     3
  Use: Potion            |       |    10 ||    10
  Eat: Chunk             |       |     4 ||     4

Vault maps used:
D:1:      ncdulo_halloftheorcs, hangedman_feature_mirror
D:3:      trog_three_pillars_becter
D:4:      uniq_edmund
